 Dungeon Crawl Stone Soup version 0.27-a0-1200-g94dc6ad4cf (webtiles) character file.

Game seed: 4150722699196538793

0 spiderkeys the Skirmisher (level 1, -8/18 HPs)
             Began as a Merfolk Abyssal Knight on June 1, 2021.
             Was a Follower of Lugonu.
             Mangled by a red very ugly thing (17 damage)
             ... on level 1 of the Abyss.
             The game lasted 00:00:52 (551 turns).

spiderkeys the Skirmisher (Merfolk Abyssal Knight)   Turns: 551, Time: 00:00:52

Health: -8/18      AC:  4    Str: 12    XL:     1   Next: 0%
Magic:  2/2        EV: 12    Int: 11    God:    Lugonu [*.....]
Gold:   10         SH:  0    Dex: 13    Spells: 0/0 levels left

rFire    . . .     SeeInvis .   a - +1 spear
rCold    . . .     Faith    .   (no shield)
rNeg     . . .     Spirit   .   b - +0 leather armour
rPois    .         Reflect  .   d - +0 helmet
rElec    .         Harm     .   (no cloak)
rCorr    .         Rampage  .   (no gloves)
Will     .....                  (no boots)
Stlth    +.........             (no amulet)
HPRegen  0.06/turn              (no ring)
MPRegen  0.08/turn              (no ring)

@: no status effects
A: (nimble swimmer 2), mertail, low mp 1
a: Renounce Religion, Depart the Abyss


You were on level 1 of the Abyss.
You worshipped Lugonu.
Lugonu was aware of your devotion.
You visited 0 branches of the dungeon, and saw 0 of its levels.
You visited the Abyss 1 time.

You collected 10 gold pieces.


Innate Abilities, Weirdness & Mutations

((You are quick and stealthy near water. (Stealth+, EV+, Speed+++)))
Your lower body shifts to a powerful aquatic tail in water.
Your magical capacity is low. (-10% MP)


   Skills:
 + Level 3.2 Fighting
 + Level 3.0 Polearms
 + Level 0.6 Armour
 + Level 2.6 Dodging
 + Level 2.0 Invocations


You couldn't memorise any spells.
You didn't know any spells.
Your spell library was empty.

Inventory:

Hand Weapons
 a - a +1 spear (weapon)
Missiles
 c - 19 bolts
 e - 32 stones
Armour
 b - a +0 leather armour (worn)
 d - a +0 helmet (worn)
   (You found it on level 1 of the Abyss)

Dungeon Overview and Level Annotations

Branches:
Dungeon (0/15)

Altars:

... #.. # u.#
# ..##..# .#.
.....# ..###
.X.
##..####.###
....#..#..#u.#
.##... .##@##
.X#....#.##
#││#..5## .
#│.#.### # #.
#...#.# .#.
#..#.#### .. .
# ...... .....
.####. ......
#... ....#. .


You could see 2 very ugly things, a large abomination and a white imp.


Message History

🤖 Initializing magus.rc ...
Options error: Delay interrupt name "hungry" not recognised. (~/.crawlrc:4988) ✅ Successfully initialized magus.rc [v1.9.10] Welcome, spiderkeys the Merfolk Abyssal Knight.
Will you prevail where others failed? Will you find the Orb of Zot?
Lugonu says: Depart the Abyss and spread corruption, my servant! (use the ability menu to exit the Abyss) Press ? for a list of commands and other information.
Found a corrupted altar of Lugonu.
There is a corrupted altar of Lugonu here.
You are suddenly pulled into a different region of the Abyss!
c - 19 bolts Unknown command.
A neqoxec comes into view.
The neqoxec shouts!
The neqoxec gestures at you.
Something tries to feed on your intellect!
d - a scroll labelled IVEMICK CEGYKH
As you read the scroll labelled IVEMICK CEGYKH, it crumbles to dust.
You feel strangely unstable.
You feel the power of the Abyss delaying your translocation!
It was a scroll of teleportation.
The neqoxec barely misses you. The neqoxec gestures at you.
Something tries to feed on your intellect!
The neqoxec gestures at you.
Strange energies course through your body.
You feel less energetic.
You are suddenly pulled into a different region of the Abyss!
d - a +0 helmet You start putting on your armour.
You continue putting on your +0 helmet. x4
You finish putting on your +0 helmet.
You are suddenly pulled into a different region of the Abyss!
You aren't carrying any scrolls.
You now have 10 gold pieces.
e - a scroll labelled BEDGHA CEDGHE
As you read the scroll labelled BEDGHA CEDGHE, it crumbles to dust.
It is a scroll of identify.
You don't have any unidentified items.
You see here a +0 whip.
Found a corrupted altar of Lugonu.
e - 13 stones
Found a gateway leading out of the Abyss.
There is a corrupted altar of Lugonu here.
You see here a +0 whip.
You are suddenly pulled into a different region of the Abyss!
e - 32 stones (gained 19) Unknown command.
A large abomination comes into view.
A white imp comes into view.
The white imp gestures at you. The puff of frost misses you.
A spatial vortex comes into view.
The white imp gestures at you. The puff of frost misses you. x2
A spatial vortex comes into view.
The spatial vortex moves out of view. 2 spatial vortices and a spatial maelstrom come into view.
A spatial vortex comes into view.
The spatial vortex moves out of view.
The white imp gestures at you. The puff of frost hits you. 😮 HP[-5]
You take 5 damage, and now have 13/18 hp.
MASSIVE DAMAGE!! (PAUSE)
A tentacled starspawn comes into view.
Tentacles burst from the starspawn's body! 2 starspawn tentacles come into view.
The starspawn tentacle grabs you.
The starspawn tentacle constricts you. 😮 HP[-2]
You take 2 damage, and now have 11/18 hp.
You escape the starspawn tentacle's grasp.
The starspawn tentacle grabs you. The starspawn tentacle constricts you.
You escape the starspawn tentacle's grasp. 😮 HP[-1]
You take 1 damage, and now have 10/18 hp.
A very ugly thing and a large abomination come into view.
The red very ugly thing gurgles horribly! 😮 HP[+1]
The white imp gestures at you. The puff of frost hits you.
* * * LOW HITPOINT WARNING * * *
😨 HP[-2]
You take 2 damage, and now have 9/18 hp.
A red very ugly thing comes into view.
The red very ugly thing gurgles horribly!
The red very ugly thing stings you!
Ouch! That really hurt!
You die...

Action                   || total
-------------------------++-------
  Use: Scroll            ||     2
Dodge: Dodged            ||     4

Levels and vault maps discovered:
Abyss:1:  base: Temple, base: Temple, lemuel_firewalk_3, bh_abyss_exit_choice

Notes
Turn   | Place    | Note
-------+----------+-------------------------------------------
     0 | Abyss:1  | spiderkeys the Merfolk Abyssal Knight began the quest for
                  | the Orb.
     0 | Abyss:1  | Reached XP level 1. HP: 18/18 MP: 2/2
     0 | Abyss:1  | magus.rc [v1.9.10]
   101 | Abyss:1  | Noticed a neqoxec
   126 | Abyss:1  | Gained mutation: Your magical capacity is low. (-10% MP) [a
                  | neqoxec]
   280 | Abyss:1  | Found a corrupted altar of Lugonu.
   299 | Abyss:1  | Found a corrupted altar of Lugonu.
   362 | Abyss:1  | Found a corrupted altar of Lugonu.
   515 | Abyss:1  | Noticed a large abomination
   529 | Abyss:1  | Noticed a spatial vortex
   531 | Abyss:1  | Noticed a spatial vortex
   533 | Abyss:1  | Noticed a spatial maelstrom
   533 | Abyss:1  | Noticed a spatial vortex
   533 | Abyss:1  | Noticed a spatial vortex
   534 | Abyss:1  | Noticed a spatial vortex
   540 | Abyss:1  | Noticed a tentacled starspawn
   548 | Abyss:1  | Noticed a large abomination
   548 | Abyss:1  | Noticed a red very ugly thing
   551 | Abyss:1  | Noticed a red very ugly thing
   551 | Abyss:1  | Mangled by a red very ugly thing

Vanquished Creatures (others)
  2 starspawn tentacles (Abyss:1)
2 creatures vanquished.

Table legend:
 A = Non-vault XP
 B = Vault XP
 C = Vault XP percentage of total XP
 D = Non-vault monster count
 E = Vault monster count
 F = Vault count percentage of total count
                 A         B        C        D         E       F
            +---------+---------+-------+---------+---------+-------
      Total |       0 |       0 |   N/A |       0 |       0 |  -nan
            +---------+---------+-------+---------+---------+-------
            +---------+---------+-------+---------+---------+-------

Illustrated notes

Table legend: (Time is in decaauts)
 A = Elapsed time spent in this place.
 B = Non-inter-level travel time spent in this place.
 C = Inter-level travel time spent in this place.
 D = Time resting spent in this place.
 E = Time spent auto-exploring this place.
 F = Levels seen in this place.
 G = Mean time per level.
                   A        B        C        D        E       F      G
               +--------+--------+--------+--------+--------+-----+--------+
         Total |    551 |    551 |      0 |      0 |    476 |   1 |  551.0 |
         Abyss |    551 |    551 |      0 |      0 |    476 |   1 |  551.0 |
               +--------+--------+--------+--------+--------+-----+--------+

Top non-repeatable levels by time:
 Abyss:1: 551 daAuts
